 Dungeon Crawl Stone Soup version 0.30-a0-711-gf4ac18a38d (webtiles) character file.

Game seed: 9347964745140861993

77464 wormed the Fighter (level 15, -7/119 HPs)
             Began as a Demonspawn Fire Elementalist on Jan 22, 2023.
             Was a High Priest of Vehumet.
             Killed by an exploding yaktaur (13 damage)
             ... ignited by their inner flame
             ... on level 14 of the Dungeon.
             The game lasted 00:51:25 (26010 turns).

wormed the Fighter (Demonspawn Fire Elementalist)  Turns: 26010, Time: 00:51:25

Health: -7/119     AC:  8    Str:  8    XL:     15   Next: 15%
Magic:  6/38       EV: 20    Int: 23    God:    Vehumet [*****.]
Gold:   1443       SH:  0    Dex: 15    Spells: 8/35 levels left

rFire   + . .      SeeInvis .    g - staff of air
rCold   x . .      Faith    .    G - orb {guile}
rNeg    . . .      Spirit   .    H - +1 troll leather armour
rPois   .          Reflect  .    w - +1 hat {Stlth+}
rElec   +          Harm     .    (no cloak)
rCorr   .          Rampage  .    P - +1 pair of gloves
Will    .....                    (no boots)
Stlth   +++++                    (no amulet)
HPRegen 3.19/turn                r - ring of magical power
MPRegen 0.26/turn                y - ring of fire

@: very slightly contaminated, repel missiles
A: repulsion field 3, ignite blood 3, powered by death 2, demonic willpower,
weakness stinger 2
a: Renounce Religion


You were on level 14 of the Dungeon.
You worshipped Vehumet.
Vehumet was extremely pleased with you.
You visited 3 branches of the dungeon, and saw 20 of its levels.
You also visited: Bailey.

You collected 1443 gold pieces.

Inventory:

Hand Weapons
 I - a +1 demon whip of venom
 M - a +4 dagger of freezing
Missiles
 F - 3 throwing nets
Armour
 w - a +1 hat of stealth (worn)
 G - an orb of guile (worn)
 H - a +1 troll leather armour (worn)
 P - a +1 pair of gloves (worn)
Magical Staves
 g - a staff of air (weapon)
Jewellery
 i - an amulet of faith
 q - the ring "Mayblaf" {rN+ Str+2}
   (You found it on level 1 of the Lair of Beasts)

   [ring of positive energy]

   Str:       It affects your strength (+2).
   rN:        It protects you from negative energy.
 r - a ring of magical power (left hand)
 v - a +6 ring of dexterity
 y - a ring of fire (right hand)
 E - a ring of protection from fire
 R - a ring of protection from fire
 S - a ring of willpower
 T - a ring of see invisible
Wands
 k - a wand of acid (16)
 D - a wand of flame (32) (quivered)
 K - a wand of polymorph (3)
 N - a wand of roots (6)
Scrolls
 c - 2 scrolls of summoning
 d - 2 scrolls of magic mapping
 e - 2 scrolls of blinking
 h - 5 scrolls of amnesia
 j - 2 scrolls of fog
 l - 10 scrolls of teleportation
 p - 5 scrolls of poison
 z - 5 scrolls of fear
 B - 8 scrolls of identify
 Q - 2 scrolls of enchant weapon
Potions
 a - 9 potions of haste
 b - 3 potions of magic
 f - a potion of ambrosia
 m - 2 potions of might
 n - 7 potions of heal wounds
 o - 4 potions of brilliance
 s - a potion of berserk rage
 t - 5 potions of curing
 u - 3 potions of flight
 x - 2 potions of resistance
 A - 4 potions of lignification
 J - a potion of cancellation
 L - 2 potions of attraction
 O - a potion of mutation


   Skills:
 + Level 11.5 Fighting
 + Level 10.8 Dodging
 - Level 11.0 Stealth
 + Level 10.8 Spellcasting
 - Level 11.0 Conjurations
 - Level 11.0 Fire Magic
 + Level 2.8 Air Magic


You had 8 spell levels left.
You knew the following spells:

 Your Spells              Type           Power      Damage    Failure   Level
a - Foxfire               Conj/Fire      100%       2x1d9     1%          1
b - Scorch                Fire           100%       2d10      1%          2
c - Inner Flame           Hex/Fire       54%        N/A       1%          3
d - Arcjolt               Conj/Air       30%        1d40      3%          5
e - Irradiate             Conj/Tmut      18%        3d17      6%          5
f - Orb of Destruction    Conj           29%        9d9       17%         7
g - Airstrike             Air            19%        2d(3-19)  7%          4

Your spell library contained the following spells:

 Spells                   Type           Power      Damage    Failure   Level
 Magic Dart               Conj           100%       1d8       1%          1
 Shock                    Conj/Air       100%       1d9       1%          1
 Poisonous Vapours        Pois/Air       56%        N/A       1%          2
 Kindle Blastsparks       Fire/Tloc/Air  100%       2d18      1%          3
 Mephitic Cloud           Conj/Pois/Air  50%        N/A       1%          3
 Flame Wave               Conj/Fire      76%        2d17      1%          4
 Sticky Flame             Conj/Fire      76%        2d9       1%          4
 Iskenderun's Mystic Bla  Conj/Tloc      37%        2d9       2%          4
 Lightning Bolt           Conj/Air       30%        1d47      3%          5
 Swiftness                Air            38%        N/A       7%          3
 Apportation              Tloc           24%        N/A       8%          1
 Beastly Appendage        Tmut           24%        N/A       8%          1
 Necrotise                Necr           48%        1d6       8%          1
 Slow                     Hex            48%        N/A       8%          1
 Sting                    Tmut/Pois      48%        1d5       8%          1
 Cigotuvi's Dreadful Rot  Necr/Pois/Air  50%        N/A       8%          2
 Call Imp                 Summ           12%        N/A       12%         2
 Wereblood                Tmut           12%        N/A       12%         2
 Olgreb's Toxic Radiance  Pois           12%        N/A       19%         4
 Confusing Touch          Hex            12%        N/A       22%         3
 Ozocubu's Armour         Ice            12%        N/A       22%         3
 Portal Projectile        Hex/Tloc       24%        N/A       22%         3
 Spider Form              Tmut/Pois      12%        N/A       22%         3
 Vampiric Draining        Necr           12%        2d6       22%         3
 Summon Lightning Spire   Summ/Air       28%        N/A       38%         4
 Cause Fear               Hex            6%         N/A       58%         4
 Dispel Undead            Necr           12%        3d9       58%         4
 Agony                    Necr           12%        N/A       91%         5
 Alistair's Intoxication  Tmut/Pois      8%         N/A       91%         5
 Metabolic Englaciation   Hex/Ice        6%         N/A       91%         5
 Simulacrum               Ice/Necr       6%         N/A       100%        6
 Haunt                    Necr/Summ      6%         N/A       100%        7
 Storm Form               Tmut/Air       14%        N/A       100%        7
 Discord                  Hex            6%         N/A       100%        8


Dungeon Overview and Level Annotations

Branches:
Dungeon (14/15)            Temple (1/1) D:4            Lair (5/5) D:11
 Spider (0/4) Lair:2        Slime (0/5) Lair:4          Orc (0/2) D:11
 Vaults (0/5) D:14         Bailey (visited)
  Swamp: Lair:2-3    Shoals: Lair:2-3

Altars:
Ashenzari
Cheibriados
Dithmenos
Fedhas
Gozag
Hepliaklqana
Kikubaaqudgha
Makhleb
Nemelex Xobeh
Okawaru
Qazlal
Ru
Sif Muna
Trog
Uskayaw
Vehumet
Wu Jian
Xom
Yredelemnul
Jiyva

Portals:
Trove: D:12 (give 6 scrolls of fear)


Innate Abilities, Weirdness & Mutations

You are surrounded by a strong repulsion field. (EV +4, RMsl)
Your demonic aura causes all spilled blood to erupt in flames.
You regenerate health from kills.
You punish those that try to bend your will. (Will+)
You have a tail ending in a sharp stinger.


Message History

Casting: Scorch (safe; 1% risk of failure)
Confirm with . or Enter, or press ? or * to list all spells.
You feel a surge of power!
Flames lash the skeletal warrior but do no damage.
The yaktaur is no longer more vulnerable to fire.
The skeletal warrior is engulfed in blazing flames.
Flame seeps out of the skeletal warrior.
The skeletal warrior hits you with a +0 broad axe!
The yaktaur unwields a +3 arbalest of freezing.
The yaktaur barely misses you.
Casting: Scorch (safe; 1% risk of failure)
Confirm with . or Enter, or press ? or * to list all spells.
You feel a surge of power!
Flames lash the yaktaur.
Flame seeps out of the yaktaur.
The yaktaur is moderately wounded.
The yaktaur's fire resistance burns away.
The skeletal warrior is engulfed in blazing flames.
Flame seeps out of the skeletal warrior.
The skeletal warrior hits you with a +0 broad axe!!
* * * LOW HITPOINT WARNING * * *
Casting: Scorch (safe; 1% risk of failure)
Confirm with . or Enter, or press ? or * to list all spells.
You erupt in a fountain of uncontrolled magic!
The skeletal warrior is blasted with magical radiation!!
Vehumet accepts your kill.
You feel your power returning.
The yaktaur is blasted with magical radiation!!
Flame seeps out of the yaktaur.
The yaktaur is severely wounded.
The yaktaur twists and deforms.
You are very lightly contaminated with residual magic.
The skeletal warrior explodes!
The fiery explosion engulfs the yaktaur!!
The yaktaur is burned terribly!
Vehumet accepts your kill.
You feel your power returning. The fiery explosion engulfs you!! You resist.
* * * LOW HITPOINT WARNING * * *
The yaktaur explodes!
The fiery explosion engulfs you! You resist.
You die...

.. #.....#.#.#.##......###.......
.###...........# ##....##.......
...##.###..§..## ##......###.....
......#.......# #........##.....
.............### #...............
......###......###...............
......# #...§.§§##.............#.
.......#...§..§§§..........>...#.
............☼.§○@§.<.............
...............☼§○.)............#
.................................
..............§.....)......###.#.
..... ^....).............### #?..
(... ...................## #... .
...............(([.###..# .
....#.#............##..#
#............÷.###


There were no monsters in sight!

Vanquished Creatures
  Gastronok (Lair:2)
  6 hydras
  2 catoblepae
  A yaktaur captain (D:14)
  2 centaur warriors
  3 two-headed ogres
  10 death yaks
  A boulder beetle (D:13)
  A tengu warrior (D:13)
  Nergalle (Lair:3)
  Urug (D:11)
  Amaemon (D:9)
  5 skeletal warriors
  A wizard (D:13)
  An orc knight (Bailey)
  A lindwurm (Lair:5)
  A deep elf pyromancer (Bailey)
  3 manticores
  5 ugly things
  4 cyclopes
  19 elephants
  A guardian serpent (shapeshifter) (D:13)
  6 black mambas
  An orange demon (D:9)
  2 gargoyles
  20 cane toads
  2 kobold demonologists
  9 komodo dragons
  2 yaktaurs (D:14)
  5 rime drakes
  3 tyrant leeches (Lair:5)
  9 trolls
  A polar bear (Lair:4)
  32 blink frogs
  A hornet (D:9)
  12 slime creatures
  2 shadows
  52 yaks
  Grum (D:11)
  5 wyverns
  2 wraiths
  A human (shapeshifter) (D:14)
  3 basilisks
  Eustachio (D:6)
  12 vampire mosquitoes
  2 steam dragons
  Menkaure (D:5)
  A spectral cane toad (Lair:2)
  2 acid dragons
  12 water moccasins
  A spectral blink frog (Lair:2)
  5 orc warriors
  A black bear (D:4)
  2 ice beasts
  An ogre (D:4)
  28 wolves
  6 centaurs
  2 phantoms
  Blork the orc (D:5)
  5 kobold brigands
  15 bullfrogs
  2 gnoll sergeants
  4 scorpions
  15 wights
  4 killer bees (D:8)
  6 electric eels
  2 howler monkeys (D:7)
  3 gnoll boudas
  8 hounds
  A jelly (D:5)
  2 orc priests
  Ijyb (D:3)
  11 orc wizards
  Natasha (thrice) (D:4)
  8 hell rats
  22 gnolls
  7 river rats (Lair:1)
  8 adders
  A shadow imp (D:8)
  A white imp (D:7)
  An ufetubus (D:6)
  A worm (D:3)
  2 dart slugs
  25 orcs
  6 endoplasms
  2 giant cockroaches (D:4)
  4 goblins
  A hobgoblin (D:8)
  4 jackals
  22 kobolds
  4 quokkas
  5 ball pythons
  5 bats
  A frilled lizard (D:3)
  15 rats
  A bush (Lair:5)
  3 butterflies (Lair:2)
551 creatures vanquished.

Vanquished Creatures (collateral kills)
  A foxfire (Lair:5)
1 creature vanquished.

Vanquished Creatures (others)
  A bush (Lair:5)
  862 foxfires
  58 fungi
  111 plants
1032 creatures vanquished.

Grand Total: 1584 creatures vanquished

Notes
Turn   | Place    | Note
-------+----------+-------------------------------------------
     0 | D:1      | wormed the Demonspawn Fire Elementalist began the quest for
                  | the Orb.
     0 | D:1      | Reached XP level 1. HP: 13/13 MP: 3/3
   254 | D:1      | Gained mutation: You are surrounded by a mild repulsion
                  | field. (EV +2) [demonic ancestry]
   254 | D:1      | Reached XP level 2. HP: 19/20 MP: 3/5
   757 | D:1      | Learned a level 2 spell: Scorch
   864 | D:2      | Found a faded altar of an unknown god.
   880 | D:2      | Reached skill level 1 in Fighting
   880 | D:2      | Gained mutation: You have a small tail. [demonic ancestry]
   880 | D:2      | Reached XP level 3. HP: 25/26 MP: 1/6
  1220 | D:2      | Got the Parchment of the Dead
  1725 | D:3      | Found a basalt altar of Yredelemnul.
  2318 | D:3      | Found an opulent altar of Gozag.
  2574 | D:3      | Gained mutation: You are surrounded by a moderate repulsion
                  | field. (EV +3) [demonic ancestry]
  2574 | D:3      | Reached XP level 4. HP: 32/32 MP: 2/7
  2636 | D:3      | Noticed Ijyb
  2651 | D:3      | Killed Ijyb
  2893 | D:4      | Noticed Natasha
  2898 | D:4      | Killed Natasha
  2975 | D:4      | Noticed an ogre
  3010 | D:4      | Learned a level 3 spell: Inner Flame
  3038 | D:5      | Entered Level 5 of the Dungeon
  3104 | D:5      | Noticed Menkaure
  3110 | D:5      | Killed Menkaure
  3111 | D:5      | Gained mutation: Your demonic aura sometimes causes spilled
                  | blood to erupt in flames. [demonic ancestry]
  3111 | D:5      | Reached XP level 5. HP: 38/38 MP: 1/9
  3203 | D:5      | Gained mutation: You are surrounded by a strong repulsion
                  | field. (EV +4, RMsl) [demonic ancestry]
  3203 | D:5      | Reached XP level 6. HP: 45/45 MP: 4/10
  3280 | D:5      | Noticed Blork the orc
  3287 | D:5      | Killed Blork the orc
  3441 | D:5      | Found a shadowy altar of Dithmenos.
  3662 | D:5      | Noticed an ice beast
  3670 | D:5      | Killed an ice beast
  3671 | D:5      | Reached XP level 7. HP: 51/51 MP: 0/11
  4342 | D:6      | Found a bloodstained altar of Trog.
  4604 | D:6      | Found a stormy altar of Qazlal.
  4604 | D:6      | Noticed Eustachio
  4614 | D:6      | Killed Eustachio
  4615 | D:6      | Reached XP level 8. HP: 44/59 MP: 4/13
  5369 | D:4      | Noticed Natasha
  5375 | D:4      | Killed Natasha
  5673 | D:4      | Noticed Natasha
  5680 | D:4      | Killed Natasha
  5791 | D:4      | Found a staircase to the Ecumenical Temple.
  5804 | Temple   | Entered the Ecumenical Temple
  5894 | Temple   | Became a worshipper of Vehumet
  6371 | D:4      | Found an ornate altar of the Wu Jian Council.
  6461 | D:7      | Reached skill level 5 in Fire Magic
  6653 | D:7      | Gained mutation: You regenerate a little health from kills.
                  | [demonic ancestry]
  6653 | D:7      | Reached XP level 9. HP: 49/66 MP: 2/16
  6915 | D:7      | Reached skill level 5 in Stealth
  7252 | D:7      | Reached * piety under Vehumet
  7252 | D:7      | Offered knowledge of Kiss of Death by Vehumet.
  7274 | D:7      | Found a large runed translucent door.
  7275 | D:7      | Found a large runed translucent door.
  7476 | D:7      | Reached skill level 5 in Fighting
  7637 | D:7      | You fall into a shaft and drop 1 floor!
  7725 | D:8      | Reached skill level 5 in Spellcasting
  7725 | D:8      | Reached skill level 5 in Conjurations
  7876 | D:8      | Reached skill level 5 in Dodging
  9684 | D:9      | Found a flagged portal.
  9720 | D:9      | Identified the +6 short sword of Crusades {flame, Str+2
                  | Int-5 Stlth+}
  9782 | Bailey   | Entered a bailey
  9958 | Bailey   | Noticed an orc knight
  9966 | Bailey   | Killed an orc knight
  9967 | Bailey   | Gained mutation: Your demonic aura often causes spilled
                  | blood to erupt in flames. [demonic ancestry]
  9967 | Bailey   | Reached XP level 10. HP: 35/76 MP: 5/18
 10148 | Bailey   | Found a large runed translucent door.
 10148 | Bailey   | Found a large runed translucent door.
 10149 | Bailey   | Noticed a deep elf pyromancer
 10188 | Bailey   | Killed a deep elf pyromancer
 10238 | Bailey   | Got Kineim's Compilation of Green Nonlocality
 10239 | Bailey   | Identified the +1 troll leather armour of Wariness {Harm
                  | Regen+ Str+6 Int-2 Dex-2 Slay+2}
 10350 | D:9      | Reached ** piety under Vehumet
 10350 | D:9      | Offered knowledge of Momentum Strike by Vehumet.
 11284 | D:9      | Found an ancient bone altar of Kikubaaqudgha.
 11363 | D:9      | Noticed Amaemon
 11388 | D:9      | Killed Amaemon
 11441 | D:9      | Noticed an orange demon
 11448 | D:9      | Killed an orange demon
 11554 | D:9      | Found a hide-covered altar of Uskayaw.
 11591 | D:9      | Found a broken altar of Ashenzari.
 11629 | D:10     | Entered Level 10 of the Dungeon
 11698 | D:10     | Got Heucibio's Handbook of the Welkin and the Missiles
 11734 | D:10     | Reached XP level 11. HP: 64/83 MP: 4/21
 11856 | D:10     | Found a shimmering blue altar of Sif Muna.
 11999 | D:10     | Offered knowledge of Hailstorm by Vehumet.
 12479 | D:10     | Found a blossoming altar of Fedhas.
 12489 | D:10     | Reached *** piety under Vehumet
 12887 | D:11     | Noticed Grum
 13032 | D:11     | Found a staircase to the Orcish Mines.
 13035 | D:11     | Noticed a two-headed ogre
 13044 | D:11     | Killed a two-headed ogre
 13290 | D:11     | Found a staircase to the Lair.
 13533 | D:11     | Killed Grum
 13771 | D:11     | Offered knowledge of Frozen Ramparts by Vehumet.
 14157 | D:11     | Noticed Urug
 14193 | Lair:1   | Entered Level 1 of the Lair of Beasts
 14756 | Lair:1   | Reached **** piety under Vehumet
 14905 | Lair:1   | Offered knowledge of Lee's Rapid Deconstruction by Vehumet.
 15069 | Lair:1   | Identified the ring "Mayblaf" {rN+ Str+2}
 15236 | Lair:1   | Noticed a death yak
 15246 | Lair:1   | Killed a death yak
 15247 | Lair:1   | Gained mutation: Your demonic aura causes all spilled blood
                  | to erupt in flames. [demonic ancestry]
 15247 | Lair:1   | Reached XP level 12. HP: 68/92 MP: 18/23
 15491 | Lair:2   | Noticed Gastronok
 15496 | Lair:2   | Killed Gastronok
 15619 | Lair:2   | Found a hole to the Spider Nest.
 16261 | Lair:2   | Noticed a ghost crab
 16261 | Lair:2   | Noticed a ghost crab
 16936 | Lair:3   | Noticed Nergalle
 16950 | Lair:3   | Killed Nergalle
 16956 | Lair:3   | Noticed a six-headed hydra
 16965 | Lair:3   | Killed a six-headed hydra
 17828 | Lair:3   | Reached ***** piety under Vehumet
 17908 | Lair:4   | Offered knowledge of Arcjolt by Vehumet.
 17915 | Lair:4   | Learned a level 5 spell: Arcjolt
 18063 | Lair:4   | Noticed a death yak
 18088 | Lair:4   | Noticed a death yak
 18088 | Lair:4   | Noticed a death yak
 18218 | Lair:3   | Killed a death yak
 18353 | Lair:4   | Noticed a death yak
 18360 | Lair:4   | Noticed a death yak
 18364 | Lair:4   | Killed a death yak
 18484 | Lair:3   | Gained mutation: You have a tail ending in a sharp stinger.
                  | [demonic ancestry]
 18484 | Lair:3   | Reached XP level 13. HP: 50/101 MP: 25/25
 19013 | Lair:4   | Found a viscous altar of Jiyva.
 19014 | Lair:4   | Found a staircase to the Slime Pits.
 19396 | Lair:5   | Entered Level 5 of the Lair of Beasts
 19465 | Lair:5   | Reached skill level 10 in Stealth
 19968 | Lair:5   | Reached skill level 10 in Conjurations
 20111 | Lair:5   | Reached skill level 10 in Fighting
 20451 | Lair:5   | Gained mutation: You regenerate health from kills. [demonic
                  | ancestry]
 20451 | Lair:5   | Reached XP level 14. HP: 19/110 MP: 24/27
 20861 | Lair:5   | Reached skill level 10 in Fire Magic
 20869 | Lair:5   | Offered knowledge of Irradiate by Vehumet.
 20996 | Lair:5   | Identified the +6 dagger of Oozing Pus {heavy, Int+2}
 21051 | Lair:5   | Learned a level 5 spell: Irradiate
 21379 | Lair:5   | Reached skill level 10 in Spellcasting
 21382 | Lair:5   | Reached skill level 10 in Dodging
 21741 | Lair:5   | Identified the +0 glaive of the Grave {flame, rF+ Dex+2}
 22649 | D:7      | Found a snail-covered altar of Cheibriados.
 22652 | D:7      | Found a sacrificial altar of Ru.
 22784 | D:11     | Killed Urug
 23307 | D:12     | Found a portal to a secret trove of treasure.
 23880 | D:12     | Identified the +1 robe "Usewn" {rN+ Stlth+}
 23952 | D:12     | Offered knowledge of Orb of Destruction by Vehumet.
 23961 | D:12     | Learned a level 7 spell: Orb of Destruction
 24225 | D:12     | Learned a level 4 spell: Airstrike
 24559 | D:13     | Reached skill level 1 in Air Magic
 24719 | D:13     | Identified the +6 flail of Sunlight {flame, *Slow rElec
                  | rC+}
 25666 | D:14     | Gained mutation: You punish those that try to bend your
                  | will. (Will+) [demonic ancestry]
 25666 | D:14     | Reached XP level 15. HP: 96/119 MP: 29/29
 25966 | D:14     | Found a gate to the Vaults.
 26010 | D:14     | Killed by an exploding yaktaur... ignited by their inner
                  | flame

Illustrated notes

Levels and vault maps discovered:
D:1:      minmay_arrival_loop, layout_basic
D:2:      layout_loops_ring, basic_ecumenical_altar
D:3:      layout_basic, amcnicky_altar_gilded, mainiacjoe_overflow_alcove_1,
          hangedman_glass_teeth, kennysheep_generic_room_2, uniq_ijyb
D:4:      layout_loops_ring, good_gods_mini_temple,
          nicolae_wu_jian_immortal_techniques, minmay_temple_entry_hall,
          uniq_natasha
D:5:      layout_basic, nicolae_dithmenos_shadow_blocks,
          nicolae_figureground_pulse, uniq_blork_the_orc, uniq_menkaure
D:6:      layout_basic, grunt_qazlal_sundering, lemuel_crystal_altar,
          minmay_curled_crystal, serial_bayou_pond_e, uniq_eustachio
D:7:      layout_basic, jmf_multi_god_temple2
D:8:      layout_basic, sigmund_army
D:9:      layout_loops_corners, mainiacjoe_overflow_swirl,
          mainiacjoe_overflow_tiny_flanked, enter_bailey_2, uniq_amaemon
D:10:     layout_basic, mainiacjoe_overflow_six_doors_small, led_sif_pool,
          serial_corexii_hall, corexii_hall_statues_x, corexii_hall_statues_x
D:11:     layout_layer_cave, erik_lair_island, orc_0_dummy, uniq_grum, uniq_urug
D:12:     layout_irregular_city, nicolae_trove_entry_free_sample,
          bh_walls_and_bars
D:13:     layout_gridville
D:14:     layout_cave_pools, david_vaults_2
Temple:   hellmonk_temple_beads
Lair:1:   layout_regular_city, kennysheep_abandoned_house,
          infiniplex_staircase_pool
Lair:2:   layout_roguey, nicolae_swamp_entry_spooky,
          spider_nest_entry_web_field, lemuel_fruit_tree, lemuel_fruit_fields,
          uniq_gastronok
Lair:3:   layout_chaotic_city, uniq_nergalle
Lair:4:   layout_misc_corridors, slime_entry_1, grunt_megastairs_5
Lair:5:   minmay_lair_end_frog_pond, layout_layer_cave, st_stairs_11

Skill      XL: |  1  2  3  4  5  6  7  8  9 10 11 12 13 14 15 |
---------------+----------------------------------------------+-----
Dodging        | 2 3 4 5 6 7 8 9 10 | 10.8
Stealth        | 2 3 4 6 7 8 9 10 11 | 11.0
Fighting       | 1 2 3 4 5 6 8 9 10 11 | 11.5
Fire Magic     | 3 4 5 6 7 8 9 10 11 | 11.0
Conjurations   | 2 3 4 5 6 8 9 10 11 | 11.0
Spellcasting   | 3 4 5 6 7 8 9 10 | 10.8
Air Magic      | 2 |  2.8

Action                     |  1- 3 |  4- 6 |  7- 9 | 10-12 | 13-15 || total
---------------------------+-------+-------+-------+-------+-------++-------
  Melee: Short sword       |    44 |     4 |       |       |       ||    48
         Unarmed           |     3 |       |       |       |       ||     3
         Tailslap          |     2 |       |     6 |     6 |     7 ||    21
         Dagger            |       |     4 |    48 |     7 |       ||    59
         Punch             |       |       |     2 |       |       ||     2
         Demon whip        |       |       |       |    20 |       ||    20
         Staff             |       |       |       |       |    13 ||    13
   Cast: Foxfire           |    40 |    13 |    80 |   134 |   218 ||   485
         Scorch            |    12 |    25 |    65 |   168 |   251 ||   521
         Inner Flame       |       |       |    60 |   128 |   189 ||   377
         Irradiate         |       |       |       |       |    18 ||    18
  Evoke: Wand              |       |       |       |     9 |       ||     9
    Use: Potion            |       |     3 |     1 |       |     3 ||     7
         Scroll            |       |       |    16 |     9 |     6 ||    31
   Stab: Sleeping          |     2 |     2 |       |       |       ||     4
 Armour: Robe              |    14 |       |       |       |       ||    14
         Leather armour    |       |     3 |     6 |       |       ||     9
         Troll leather arm |       |       |       |    37 |    52 ||    89
  Dodge: Dodged            |    51 |     7 |   104 |   174 |   293 ||   629
         Repelled          |       |       |       |     3 |     4 ||     7

Table legend: (Time is in decaauts)
 A = Elapsed time spent in this place.
 B = Non-inter-level travel time spent in this place.
 C = Inter-level travel time spent in this place.
 D = Time resting spent in this place.
 E = Time spent auto-exploring this place.
 F = Levels seen in this place.
 G = Mean time per level.
                   A        B        C        D        E       F      G
               +--------+--------+--------+--------+--------+-----+--------+
         Total |  26076 |  24655 |   1421 |    668 |  19932 |  21 | 1241.7 |
       Dungeon |  17248 |  16212 |   1036 |    549 |  13301 |  14 | 1232.0 |
        Temple |    139 |     91 |     48 |      0 |     74 |   1 |  139.0 |
          Lair |   8187 |   7850 |    337 |    119 |   6202 |   5 | 1637.4 |
        Bailey |    500 |    500 |      0 |      0 |    354 |   1 |  500.0 |
               +--------+--------+--------+--------+--------+-----+--------+

Top non-repeatable levels by time:
  Lair:5: 2444 daAuts
     D:7: 1969 daAuts
  Lair:3: 1793 daAuts
    D:11: 1733 daAuts
     D:9: 1642 daAuts
  Lair:4: 1531 daAuts
     D:8: 1419 daAuts
    D:13: 1417 daAuts
    D:10: 1327 daAuts
  Lair:1: 1326 daAuts
     D:5: 1253 daAuts
     D:3: 1172 daAuts
     D:4: 1131 daAuts
    D:12: 1101 daAuts
  Lair:2: 1092 daAuts
